 Dungeon Crawl Stone Soup version 0.31-a0-204-g7da18cac08 (webtiles) character file.

Game seed: 7304108990429081069

16842 ragingrage the Marksant (level 12, -8/75 HPs)
             Began as a Formicid Artificer on June 27, 2023.
             Was an Elder of Hepliaklqana.
             Mangled by a komodo dragon (26 damage)
             ... on level 2 of the Lair of Beasts.
             The game lasted 00:17:15 (13718 turns).

ragingrage the Marksant (Formicid Artificer)       Turns: 13718, Time: 00:17:16

Health: -8/75      AC:  8    Str: 18    XL:     12   Next: 75%
Magic:  16/16      EV: 12    Int: 11    God:    Hepliaklqana [****..]
Gold:   288        SH:  0    Dex: 18    Spells: 11/11 levels left

rFire   + . .        a - +0 arbalest
rCold   . . .        M - orb {light}
rNeg    . . .        E - +1 scale mail {rF+}
rPois   .            (helmet unavailable)
rElec   .            (no cloak)
rCorr   +            (no gloves)
SInv    +            i - +0 pair of boots
Will    +....        I - amulet of magic regeneration
Stlth   +            o - ring of wizardry
HPRegen 0.32/turn    G - ring of resist corrosion
MPRegen 0.55/turn

%: wizardry (x1)
@: glowing
A: reduced essence, permanent stasis, dig shafts and tunnels, antennae 3, four
strong arms
a: Dig, Shaft Self, Renounce Religion, Recall Ancestor, Ancestor Identity,
Transference, Idealise


You were on level 2 of the Lair of Beasts.
You worshipped Hepliaklqana.
Hepliaklqana was greatly pleased with you.
You visited 3 branches of the dungeon, and saw 13 of its levels.
You also visited: Sewer.

You collected 720 gold pieces.
You spent 432 gold pieces at shops.

Inventory:

Hand Weapons
 a - a +0 arbalest (weapon)
 b - the +1 rapier of Upaliroo {protect, Int+2 Dex+3}
   (You found it on level 1 of the Lair of Beasts)

   Int:       It affects your intelligence (+2).
   Dex:       It affects your dexterity (+3).
 J - the +7 hand axe of Ash {flame, rElec rPois Str-3 Dex+5}
   (You found it on level 9 of the Dungeon)

   Str:       It affects your strength (-3).
   Dex:       It affects your dexterity (+5).
   rElec:     It insulates you from electricity.
   rPois:     It protects you from poison.
 N - the +6 shillelagh "Devastator" {shatter}
   (You found it on level 1 of the Lair of Beasts)
Missiles
 j - 7 throwing nets
 x - 21 poisoned darts
 O - 6 curare-tipped darts
Armour
 i - a +0 pair of boots (worn)
 E - a +1 scale mail of fire resistance (worn)
 F - +0 steam dragon scales
 K - a +2 scale mail of positive energy
 M - an orb of light (worn)
Jewellery
 o - a ring of wizardry (left hand)
 G - a ring of resist corrosion (right hand)
 I - an amulet of magic regeneration (around neck)
Wands
 c - a wand of flame (8)
 d - a wand of charming (21)
 e - a wand of iceblast (9)
 z - a wand of quicksilver (15)
Scrolls
 f - 2 scrolls of poison
 g - 3 scrolls of amnesia
 k - a scroll of revelation
 l - 2 scrolls of enchant armour
 t - a scroll of fog {unknown}
 w - 2 scrolls of fear {unknown}
 y - 3 scrolls of immolation
 A - 4 scrolls of enchant weapon
 D - a scroll of butterflies {unknown}
 H - a scroll of torment {unknown}
 L - a scroll of blinking {unknown}
Potions
 h - 4 potions of curing
 m - 2 potions of invisibility
 n - 4 potions of heal wounds
 p - 5 potions of enlightenment
 q - a potion of brilliance {unknown}
 r - 4 potions of lignification
 s - 4 potions of magic
 u - a potion of might {unknown}
 v - a potion of cancellation {unknown}
 B - 2 potions of attraction {unknown}
 C - 2 potions of mutation {unknown}


   Skills:
 - Level 4.7 Fighting
 * Level 17.0 Ranged Weapons
 - Level 2.2 Armour
 - Level 5.6 Dodging
 - Level 3.0 Stealth
 + Level 5.8 Invocations
 - Level 5.0 Evocations


You had 11 spell levels left.
You didn't know any spells.
Your spell library contained the following spells:

 Spells                   Type           Power      Damage    Failure   Level
 Static Discharge         Conj/Air       0%         2-2/arc   52%         2
 Gell's Gravitas          Tloc           0%         N/A       77%         3
 Ozocubu's Armour         Ice            0%         N/A       77%         3
 Teleport Other           Tloc           0%         N/A       77%         3
 Airstrike                Air            0%         2d(0-16)  98%         4
 Passage of Golubria      Tloc           0%         N/A       98%         4
 Summon Lightning Spire   Summ/Air       0%         N/A       98%         4
 Silence                  Hex/Air        0%         N/A       100%        5
 Dispersal                Tloc           0%         N/A       100%        6
 Ozocubu's Refrigeration  Ice            0%         4d7       100%        7
 Lehudib's Crystal Spear  Conj/Erth      0%         10d2      100%        8


Dungeon Overview and Level Annotations

Branches:
Dungeon (10/15)            Temple (1/1) D:4            Lair (2/5) D:10
  Sewer (visited)
  Swamp: Lair:2-3    Shoals: Lair:2-3     Snake: Lair:2-3    Spider: Lair:2-3
    Orc: D:9-12

Altars:
Ashenzari
Cheibriados
Dithmenos
Elyvilon
Fedhas
Gozag
Hepliaklqana
Kikubaaqudgha
Makhleb
Nemelex Xobeh
Okawaru
Qazlal
Ru
Sif Muna
Trog
Uskayaw
Vehumet
Wu Jian
Xom
Yredelemnul
Zin
The Shining One

Shops:
D:5 *   D:8 ?   D:10 ?

Annotations:
D:2 1 runed translucent door, Crazy Yiuf


Innate Abilities, Weirdness & Mutations

Your life essence is reduced to manifest your ancestor. (-10% HP)
You cannot be hasted, slowed, berserked, paralysed or teleported.
You can dig through walls and to a lower floor.
You have a pair of large antennae on your head. (SInv)
Your four strong arms can wield two-handed weapons with a shield.


Message History

A komodo dragon comes into view.
The komodo dragon moves out of view.
A nearby plant withers and dies.
You shoot a bolt. The bolt hits the komodo dragon.
The komodo dragon hisses menacingly.
You shoot a bolt. The bolt hits the komodo dragon!
The komodo dragon closely misses you. The komodo dragon bites you!!
You shoot a bolt.
The bolt barely misses the komodo dragon.
The komodo dragon bites you.
Nefertari hits the komodo dragon but does no damage.
Fire: a) +0 arbalest
Press: ? - help, Q - select action, (/) - cycle Shift-Dir - straight line, f/p - komodo dragon
Aim: a komodo dragon (moderately wounded, ally target, haloed, 88% to hit)
You shoot a bolt. The bolt hits the komodo dragon.
The komodo dragon completely misses you.
Fire: a) +0 arbalest
Press: ? - help, Q - select action, (/) - cycle Shift-Dir - straight line, f/p - komodo dragon
Aim: a komodo dragon (moderately wounded, ally target, haloed, 88% to hit)
You shoot a bolt.
The bolt completely misses the komodo dragon.
Nefertari hits the komodo dragon with a +0 flail!
The komodo dragon bites you.
Fire: a) +0 arbalest
Press: ? - help, Q - select action, (/) - cycle Shift-Dir - straight line, f/p - komodo dragon
Aim: a komodo dragon (heavily wounded, ally target, haloed, 88% to hit)
You shoot a bolt.
The bolt completely misses the komodo dragon.
You hear the slow rumble of a very distant avalanche of rocks.
The komodo dragon bites you!!
Nefertari closely misses the komodo dragon.
The komodo dragon bites you!
* * * LOW HITPOINT WARNING * * *
Fire: a) +0 arbalest
Press: ? - help, Q - select action, (/) - cycle Shift-Dir - straight line, f/p - komodo dragon
Aim: a komodo dragon (heavily wounded, ally target, haloed, 88% to hit)
You shoot a bolt. The bolt hits the komodo dragon!
Nefertari hits the komodo dragon but does no damage.
The komodo dragon bites you!!
You die...

### ##.# ##
###P.##########.##
#..)...P.##.@l...#
##...........R.P.#.#♣
#......####.(#......♣
#...(### ###.#...#.♣
##..## ##...## #..#
#..# ##.# ...#
#####P.### ## #P...#
#........##.####.
..##


You could see the friendly Nefertari the knight and a komodo dragon (ally
target).

Vanquished Creatures
  A catoblepas (Lair:1)
  A two-headed ogre (D:10)
  Pikel (D:6)
  An ugly thing (D:8)
  4 elephants (Lair:1)
  A black mamba (Lair:1)
  3 cane toads (Lair:1)
  A gargoyle (D:7)
  An unseen horror (D:8)
  A kobold demonologist (D:10)
  A hornet (D:8)
  3 blink frogs (Lair:1)
  Prince Ribbit (D:9)
  A shadow (D:10)
  A wraith (D:10)
  11 yaks
  A wyvern (D:8)
  A basilisk (Lair:2)
  A steam dragon (D:8)
  Grum (Lair:1)
  2 wargs
  2 water moccasins (Lair:1)
  4 orc warriors
  2 black bears (D:6)
  An ice beast (D:6)
  An ogre (D:4)
  5 centaurs
  5 wolves
  4 phantoms
  2 kobold brigands
  5 bullfrogs
  6 scorpions
  A gnoll sergeant (D:10)
  4 jellies
  4 killer bees
  3 hounds (D:10)
  A gnoll bouda (D:10)
  An orc priest (D:10)
  Natasha (thrice) (D:4)
  3 iguanas
  A malarious merfolk avatar (Sewer)
  6 orc wizards (D:10)
  A sickly merfolk siren (Sewer)
  10 gnolls
  9 adders
  5 river rats (Sewer)
  A shadow imp (D:5)
  2 white imps
  2 worms
  2 dart slugs
  23 orcs
  A bat (D:3)
  7 endoplasms
  12 giant cockroaches
  10 goblins
  6 hobgoblins
  4 jackals
  5 quokkas
  10 ball pythons
  11 frilled lizards
  6 kobolds
  23 rats
  A butterfly (Lair:1)
254 creatures vanquished.

Vanquished Creatures (collateral kills)
  2 elephants (Lair:1)
  A cane toad (Lair:1)
  2 komodo dragons (Lair:1)
  Psyche (D:9)
  A blink frog (Lair:1)
  3 yaks
  A wyvern (D:7)
  A steam dragon (D:7)
  A black bear (D:7)
  An ogre (D:7)
  A centaur (D:9)
  A wolf (Lair:1)
  A phantom (D:6)
  A gnoll sergeant (D:8)
  3 bullfrogs
  2 killer bees (D:10)
  3 howler monkeys (D:9)
  A crimson imp (D:6)
  2 hounds
  A sleepcap (D:5)
  5 orc wizards
  9 gnolls
  4 orcs
  3 jackals (D:10)
  A kobold (D:9)
52 creatures vanquished.

Vanquished Creatures (others)
  3 knights
3 creatures vanquished.

Grand Total: 309 creatures vanquished

Notes
Turn   | Place    | Note
-------+----------+-------------------------------------------
     0 | D:1      | ragingrage the Formicid Artificer began the quest for the
                  | Orb.
     0 | D:1      | Reached XP level 1. HP: 15/15 MP: 1/1
    92 | D:1      | Reached skill level 1 in Dodging
   220 | D:1      | Reached XP level 2. HP: 18/21 MP: 2/2
   847 | D:1      | Reached XP level 3. HP: 27/27 MP: 3/3
  1251 | D:2      | Reached XP level 4. HP: 32/33 MP: 4/4
  1464 | D:2      | Found a runed translucent door.
  1465 | D:2      | Noticed Crazy Yiuf
  1714 | D:3      | Found a glowing drain.
  1780 | Sewer    | Entered a sewer
  1819 | Sewer    | Reached XP level 5. HP: 27/41 MP: 5/5
  2278 | Sewer    | Reached skill level 5 in Evocations
  2303 | Sewer    | Reached XP level 6. HP: 39/48 MP: 6/6
  2464 | D:3      | Found a white marble altar of Elyvilon.
  2477 | D:3      | Became a worshipper of Elyvilon the Healer
  2736 | D:3      | Reached * piety under Elyvilon
  2995 | D:4      | Noticed Natasha
  3074 | D:4      | Found a staircase to the Ecumenical Temple.
  3087 | D:4      | Killed Natasha
  3088 | D:4      | Reached skill level 1 in Ranged Weapons
  3188 | Temple   | Entered the Ecumenical Temple
  3290 | Temple   | Fell from the grace of Elyvilon
  3290 | Temple   | Became a worshipper of Hepliaklqana the Forgotten
  3331 | D:4      | Noticed an ogre
  3484 | D:4      | Reached skill level 2 in Ranged Weapons
  3484 | D:4      | Reached XP level 7. HP: 30/55 MP: 7/7
  3913 | D:4      | Reached skill level 3 in Ranged Weapons
  3945 | D:4      | Noticed Natasha
  3950 | D:4      | Killed Natasha
  3959 | D:4      | Noticed Natasha
  3980 | D:4      | Killed Natasha
  4061 | D:4      | Reached skill level 4 in Ranged Weapons
  4459 | D:5      | Entered Level 5 of the Dungeon
  4466 | D:5      | Reached skill level 5 in Ranged Weapons
  4500 | D:4      | Reached XP level 8. HP: 55/61 MP: 8/8
  4548 | D:5      | Reached skill level 6 in Ranged Weapons
  4656 | D:5      | Found a bloodstained altar of Trog.
  5066 | D:5      | Reached * piety under Hepliaklqana
  5187 | D:5      | Reached skill level 7 in Ranged Weapons
  5562 | D:5      | Found Opsulih's Assorted Antiques.
  5567 | D:5      | Bought a scroll labelled ISKYIS YXEJIST for 30 gold pieces
  5567 | D:5      | Bought a scroll labelled HARHAMYGYPHU for 30 gold pieces
  5567 | D:5      | Bought a ruby potion for 27 gold pieces
  5919 | D:6      | Found a burning altar of Makhleb.
  5969 | D:6      | Reached skill level 8 in Ranged Weapons
  6132 | D:6      | Noticed Pikel
  6153 | D:6      | Killed Pikel
  6154 | D:6      | Reached skill level 9 in Ranged Weapons
  6154 | D:6      | Reached XP level 9. HP: 46/59 MP: 9/9
  6238 | D:6      | Reached skill level 10 in Ranged Weapons
  6258 | D:6      | Reached ** piety under Hepliaklqana
  6259 | D:6      | Remembered your ancestor Nefertari as a knight
  6754 | D:7      | Noticed a gargoyle
  6760 | D:7      | Reached skill level 11 in Ranged Weapons
  6767 | D:7      | Killed a gargoyle
  6768 | D:7      | Reached XP level 10. HP: 65/65 MP: 10/10
  6954 | D:7      | Found a sacrificial altar of Ru.
  7124 | D:7      | Reached *** piety under Hepliaklqana
  7192 | D:7      | Reached skill level 12 in Ranged Weapons
  7440 | D:7      | Found a glowing golden altar of the Shining One.
  7522 | D:7      | Found a glowing golden altar of the Shining One.
  7945 | D:7      | Found a sacrificial altar of Ru.
  8271 | D:7      | Found a glowing golden altar of the Shining One.
  8680 | D:7      | Found a sacrificial altar of Ru.
  8952 | D:7      | Found a glowing golden altar of the Shining One.
  9361 | D:7      | Found a sacrificial altar of Ru.
  9648 | D:8      | Found Duel's Magic Scroll Boutique.
  9650 | D:8      | Bought a scroll of enchant armour for 75 gold pieces
  9650 | D:8      | Bought a scroll of enchant weapon for 75 gold pieces
  9650 | D:8      | Bought a scroll of enchant weapon for 75 gold pieces
  9901 | D:8      | Reached skill level 13 in Ranged Weapons
  9937 | D:8      | Noticed an unseen horror
  9947 | D:8      | Killed an unseen horror
 10129 | D:8      | Noticed a purple ugly thing
 10148 | D:8      | Killed a purple ugly thing
 10498 | D:9      | Noticed Prince Ribbit
 10510 | D:9      | Killed Prince Ribbit
 10539 | D:9      | Noticed Psyche
 10543 | D:9      | Killed Psyche
 10544 | D:9      | Reached skill level 14 in Ranged Weapons
 10580 | D:9      | Reached XP level 11. HP: 48/70 MP: 11/11
 10836 | D:9      | Identified the +7 hand axe of Ash {flame, rElec rPois Str-3
                  | Dex+5}
 10838 | D:9      | Identified the +5 hand axe of Bezen {protect, rPois rN+
                  | Str+2 Int-5}
 10969 | D:9      | Reached skill level 15 in Ranged Weapons
 11174 | D:9      | Reached skill level 1 in Invocations
 11265 | D:10     | Entered Level 10 of the Dungeon
 11585 | D:10     | Found a staircase to the Lair.
 11806 | D:10     | Found Jeotu's Magic Scroll Boutique.
 11871 | D:10     | Bought a scroll of revelation for 120 gold pieces
 11894 | D:10     | Found a blossoming altar of Fedhas.
 11966 | D:10     | Noticed a two-headed ogre
 11973 | D:10     | Killed a two-headed ogre
 11982 | D:10     | Reached **** piety under Hepliaklqana
 12505 | Lair:1   | Entered Level 1 of the Lair of Beasts
 12505 | Lair:1   | Found the +6 shillelagh "Devastator" {shatter}
 12537 | Lair:1   | Found a broken altar of Ashenzari.
 12545 | Lair:1   | Identified the +1 rapier of Upaliroo {protect, Int+2 Dex+3}
 12556 | Lair:1   | Noticed a catoblepas
 12562 | Lair:1   | Killed a catoblepas
 12563 | Lair:1   | Reached skill level 5 in Invocations
 12563 | Lair:1   | Reached XP level 12. HP: 71/75 MP: 15/15
 12592 | Lair:1   | Reached skill level 16 in Ranged Weapons
 12604 | Lair:1   | Noticed Grum
 12611 | Lair:1   | Killed Grum
 12972 | Lair:1   | Reached skill level 5 in Dodging
 13454 | Lair:1   | Reached skill level 17 in Ranged Weapons
 13718 | Lair:2   | Mangled by a komodo dragon

Illustrated notes

Levels and vault maps discovered:
D:1:      wander_arrival_lonely_grave, layout_rooms, serial_forest,
          infiniplex_forest_lined_ring, infiniplex_forest_lined_room_,
          infiniplex_forest_clump_diagonal, infiniplex_forest_lined_1,
          infiniplex_forest_end_2, infiniplex_forest_end_1
D:2:      layout_rooms, minmay_heptomino_d4, uniq_crazy_yiuf_cottage
D:3:      layout_basic, overflow_temple_1_default, gup_sewer_entry_pipe
D:4:      layout_basic, minmay_temple_entry_ruins, uniq_natasha
D:5:      layout_basic, lemuel_doored_altar, serial_shops, kennysheep_little_box
D:6:      layout_gridville, makhleb_grotto_becter, uniq_pikel
D:7:      layout_basic, mainiacjoe_overflow_catwalk,
          nicolae_tso_carved_into_rock
D:8:      layout_loops_ring, serial_shops, shop
D:9:      layout_roguey, evilmike_butchery, uniq_prince_ribbit1, uniq_psyche
D:10:     layout_cave_pools, fedhas_altar_2, erik_lair_orcish_takeover,
          serial_shops, nicolae_shop_statue_plus, serial_gnoll_camp,
          gnoll_camp_mini_doghouse, gnoll_camp_mini_loothouse,
          gnoll_camp_medium_01, gnoll_camp_mini_hut
Temple:   lightli_temple_of_artemis
Lair:1:   layout_regular_city, basic_altar, lemuel_fruit_fields, uniq_urug,
          uniq_grum
Lair:2:   layout_loops_ring, minmay_swamp_entry_worms,
          spider_nest_entry_funnel_web, enter_volcano_1

Skill      XL: |  1  2  3  4  5  6  7  8  9 10 11 12 |
---------------+-------------------------------------+-----
Dodging        | 1 2 5 |  5.6
Stealth        | 2 3 |  3.0
Fighting       | 2 3 4 |  4.7
Evocations     | 4 5 |  5.0
Ranged Weapons | 2 5 9 11 14 15 17 | 17.0
Invocations    | 5 |  5.8
Armour         | |  2.2

Action                     |  1- 3 |  4- 6 |  7- 9 | 10-12 || total
---------------------------+-------+-------+-------+-------++-------
  Melee: Club              |    56 |       |       |       ||    56
         Whip              |   105 |       |       |       ||   105
         Punch             |     1 |       |       |       ||     1
         Mace              |       |   203 |       |       ||   203
         Flail             |       |    71 |    63 |       ||   134
   Fire: Sling             |       |    12 |    27 |       ||    39
         Orcbow            |       |       |   124 |   277 ||   401
         Arbalest          |       |       |       |   262 ||   262
  Throw: Dart              |       |       |    21 |       ||    21
 Invoke: Ancestor Life: Kn |       |       |     1 |       ||     1
         Recall Ancestor   |       |       |       |     4 ||     4
         Transference      |       |       |       |     1 ||     1
         Idealise          |       |       |       |     1 ||     1
  Evoke: Wand              |     1 |     6 |       |     1 ||     8
    Use: Scroll            |       |     5 |     2 |     3 ||    10
         Potion            |       |       |       |     1 ||     1
   Stab: Sleeping          |       |     2 |       |       ||     2
         Distracted        |       |     1 |       |       ||     1
 Armour: Chain mail        |    11 |       |       |       ||    11
         Ring mail         |    61 |   113 |    45 |     1 ||   220
         Steam dragon scal |       |       |       |    30 ||    30
  Dodge: Dodged            |    66 |   169 |    56 |    81 ||   372

Table legend: (Time is in decaauts)
 A = Elapsed time spent in this place.
 B = Non-inter-level travel time spent in this place.
 C = Inter-level travel time spent in this place.
 D = Time resting spent in this place.
 E = Time spent auto-exploring this place.
 F = Levels seen in this place.
 G = Mean time per level.
                   A        B        C        D        E       F      G
               +--------+--------+--------+--------+--------+-----+--------+
         Total |  13939 |  13471 |    468 |   2647 |   7885 |  14 |  995.6 |
       Dungeon |  11852 |  11454 |    398 |   2149 |   7089 |  10 | 1185.2 |
        Temple |    113 |    106 |      7 |      0 |     76 |   1 |  113.0 |
          Lair |   1226 |   1163 |     63 |    253 |    624 |   2 |  613.0 |
         Sewer |    747 |    747 |      0 |    244 |     95 |   1 |  747.0 |
               +--------+--------+--------+--------+--------+-----+--------+

Top non-repeatable levels by time:
     D:7: 2989 daAuts
     D:4: 1457 daAuts
     D:5: 1376 daAuts
  Lair:1: 1159 daAuts
     D:9: 1134 daAuts
     D:1: 985 daAuts
    D:10: 963 daAuts
     D:6: 789 daAuts
   Sewer: 747 daAuts
     D:8: 733 daAuts
     D:3: 717 daAuts
     D:2: 706 daAuts
  Temple: 113 daAuts
  Lair:2: 67 daAuts
